 Dungeon Crawl Stone Soup version 0.30-a0-956-gcec3b41aec (webtiles) character file.

Game seed: 11970415542513672788

2864 Demosthentine the Trooper (level 9, 0/91 (94) HPs)
             Began as a Demonspawn Gladiator on Mar 30, 2023.
             Was a Follower of Hepliaklqana.
             Slain by a wight
             ... wielding a +2 spear of flaming
              (3 damage)
             ... on level 7 of the Dungeon.
             The game lasted 00:08:41 (8062 turns).

Demosthentine the Trooper (Demonspawn Gladiator)    Turns: 8062, Time: 00:08:42

HP:   0/91 (94)     AC: 28    Str: 16    XL:     9   Next: 47%
MP:   9/9           EV:  2    Int: 10    God:    Hepliaklqana [*.....]
Gold: 292           SH:  0    Dex: 17    Spells: 8/8 levels left

rFire   . . .      SeeInvis .    a - +1 trident
rCold   . . .      Faith    .    (no shield)
rNeg    . . .      Spirit   .    b - melded +0 leather armour
rPois   +          Reflect  .    c - melded +0 helmet
rElec   .          Rampage  .    k - melded +1 cloak
rCorr   .          NoTele   +    (gloves currently unavailable)
Will    .....                    (boots currently unavailable)
Stlth   ++                       q - amulet of the acrobat
HPRegen 0.35/turn                s - +4 ring of protection
MPRegen 0.11/turn                (no ring)

@: tree-form, lightly drained
A: stationary, stasis, torment immunity, boosted hp, reduced essence, (hooves
1), demonic magic 2, (demonic touch 2)
a: Renounce Religion, Recall Ancestor, Ancestor Identity


You were on level 7 of the Dungeon.
You worshipped Hepliaklqana.
Hepliaklqana was aware of your devotion.
You were a tree.
You visited 1 branch of the dungeon, and saw 7 of its levels.

You collected 292 gold pieces.

Inventory:

Hand Weapons
 a - a +1 trident (weapon)
Missiles
 e - a javelin
 j - 3 throwing nets (quivered)
Armour
 b - a +0 leather armour (melded)
 c - a +0 helmet (melded)
 k - a +1 cloak (melded)
 t - a +0 buckler
Jewellery
 f - a ring of flight
 q - an amulet of the acrobat (around neck)
 s - a +4 ring of protection (left branch)
Wands
 n - a wand of roots (18)
 p - a wand of flame (22)
Scrolls
 d - 2 scrolls of silence
 g - 2 scrolls of enchant weapon
 i - 4 scrolls of teleportation
 l - 2 scrolls of fog
Potions
 h - a potion of heal wounds {unknown}
 m - a potion of might
 r - a potion of berserk rage {unknown}


   Skills:
 + Level 6.8 Fighting
 + Level 6.4 Polearms
 - Level 1.7 Throwing
 + Level 5.7 Armour
 + Level 6.5 Dodging
 + Level 1.5 Shields


You had 8 spell levels left.
You didn't know any spells.
Your spell library contained the following spells:

 Spells                   Type           Power      Damage    Failure   Level
 Freeze                   Ice            0%         1d3       36%         1
 Sublimation of Blood     Necr           0%         N/A       50%         2
 Frozen Ramparts          Ice            0%         1d1       75%         3
 Hailstorm                Conj/Ice       0%         3d3       75%         3
 Ozocubu's Armour         Ice            0%         N/A       75%         3
 Petrify                  Tmut/Erth      0%         N/A       98%         4
 Irradiate                Conj/Tmut      0%         3d11      100%        5
 Metabolic Englaciation   Hex/Ice        0%         N/A       100%        5
 Simulacrum               Ice/Necr       0%         N/A       100%        6


Dungeon Overview and Level Annotations

Branches:
Dungeon (7/15)             Temple (0/1) D:6

Altars:
Cheibriados
Dithmenos
Hepliaklqana
Nemelex Xobeh
Okawaru
Qazlal
Trog
Uskayaw
Vehumet
Yredelemnul


Innate Abilities, Weirdness & Mutations

You are a tree.
Your roots penetrate the ground, keeping you stationary.
You cannot be teleported.
You are immune to unholy pain and torment.
Your maximum health is greatly increased.
Your equipment is partially melded.
Your life essence is reduced to manifest your ancestor. (-10% HP)
((You have large cloven feet.))
Spells you cast may paralyse nearby enemies.
((Your touch may inflict irresistible damage on your foes.))


Message History

You reach to attack!
You puncture the orc!
You kill the orc!
Unknown command.
Reach: a) +1 trident
Press: ? - help, Dir - move target, f - wight
Aim: a wight, wielding a +2 spear of flaming and wearing a +0 robe (moderately damaged, about 34% to evade your +1 trident)
You reach to attack!
You hit the wight.
The wight is moderately damaged.
The wight completely misses you.
Reach: a) +1 trident
Press: ? - help, Dir - move target, f/p - wight
Aim: a wight, wielding a +2 spear of flaming and wearing a +0 robe (moderately damaged, about 34% to evade your +1 trident)
You reach to attack!
You completely miss the wight.
The wight is moderately damaged.
The wight hits you from afar with a +2 spear of flaming.
* * * LOW HITPOINT WARNING * * *
The wight burns you.
* * * LOW HITPOINT WARNING * * *
Reach: a) +1 trident
Press: ? - help, Dir - move target, f/p - wight
Aim: a wight, wielding a +2 spear of flaming and wearing a +0 robe (moderately damaged, about 34% to evade your +1 trident)
You reach to attack!
You closely miss the wight.
The wight is moderately damaged.
The wight hits you from afar with a +2 spear of flaming!
* * * LOW HITPOINT WARNING * * *
The wight burns you.
* * * LOW HITPOINT WARNING * * *
Reach: a) +1 trident
Press: ? - help, Dir - move target, f/p - wight
Aim: a wight, wielding a +2 spear of flaming and wearing a +0 robe (moderately damaged, about 34% to evade your +1 trident)
You reach to attack!
You barely miss the wight.
The wight is moderately damaged.
The wight hits you but does no damage.
Reach: a) +1 trident
Press: ? - help, Dir - move target, f/p - wight
Aim: a wight, wielding a +2 spear of flaming and wearing a +0 robe (moderately damaged, about 34% to evade your +1 trident)
You reach to attack!
You barely miss the wight.
The wight is moderately damaged.
The wight hits you from afar with a +2 spear of flaming.
You die...

..........##...# #.###
..........###..# #....
.........[))...#######
.........####....## #
###
...###....###....####
.... .. #.##.# #........
..... #.##.# ###..####
......#####.##.######.##
.....zoz.♣.............#
...#################...#
........># .......#)#
......##.# .......#.#
##+###.#.# #.......#
#####.#####


You could see 2 wights and an orc.

Vanquished Creatures
  An orc warrior (D:7)
  An ice beast (D:5)
  A sky beast (D:5)
  A black bear (D:5)
  A centaur (D:5)
  A kobold brigand (D:4)
  6 bullfrogs
  A gnoll sergeant (D:7)
  4 scorpions
  2 wights (D:7)
  4 killer bees
  A hound (D:4)
  3 jellies (D:6)
  A gnoll bouda (D:4)
  3 orc priests
  3 sleepcaps
  Crazy Yiuf (D:6)
  5 iguanas
  4 orc wizards
  Natasha (thrice) (D:3)
  15 gnolls
  7 adders
  2 white imps (D:6)
  2 worms
  A dart slug (D:2)
  17 orcs
  10 ball pythons
  4 bats
  6 endoplasms
  7 giant cockroaches
  7 goblins
  11 hobgoblins
  12 jackals
  4 quokkas
  4 frilled lizards
  13 kobolds
  9 rats
178 creatures vanquished.

Vanquished Creatures (collateral kills)
  A black bear (D:6)
  A centaur (D:6)
  A phantom (D:6)
  A killer bee (D:5)
  2 hounds (D:6)
  An orc priest (D:6)
  2 gnolls
9 creatures vanquished.

Vanquished Creatures (others)
  4 ancestors
  A fungus (D:6)
  2 plants (D:3)
7 creatures vanquished.

Grand Total: 194 creatures vanquished

Notes
Turn   | Place    | Note
-------+----------+-------------------------------------------
     0 | D:1      | Demosthentine the Demonspawn Gladiator began the quest for
                  | the Orb.
     0 | D:1      | Reached XP level 1. HP: 16/16 MP: 1/1
   160 | D:1      | Discovered your monstrous ancestry.
   160 | D:1      | Gained mutation: You have large cloven feet. [demonic
                  | ancestry]
   160 | D:1      | Reached XP level 2. HP: 21/22 MP: 2/2
   413 | D:1      | Reached skill level 1 in Armour
   466 | D:1      | Reached XP level 3. HP: 19/28 MP: 3/3
  1188 | D:2      | Reached XP level 4. HP: 33/34 MP: 4/4
  1195 | D:2      | Found a faded altar of an unknown god.
  1807 | D:3      | Reached XP level 5. HP: 38/41 MP: 5/5
  1916 | D:3      | Noticed Natasha
  1930 | D:3      | Killed Natasha
  2357 | D:3      | Noticed Natasha
  2367 | D:3      | Killed Natasha
  2495 | D:3      | Found a hazy altar of Hepliaklqana.
  2839 | D:3      | Noticed Natasha
  2848 | D:3      | Killed Natasha
  2849 | D:3      | Gained mutation: Your touch may inflict minor irresistible
                  | damage on your foes. [demonic ancestry]
  2849 | D:3      | Reached XP level 6. HP: 38/47 MP: 6/6
  3532 | D:3      | Became a worshipper of Hepliaklqana the Forgotten
  3617 | D:4      | Found a bloodstained altar of Trog.
  3983 | D:4      | HP: 2/48 [gnoll/+0 spear[a gnoll bouda] (8)]
  4197 | D:4      | Found a basalt altar of Yredelemnul.
  4214 | D:4      | Found a radiant altar of Vehumet.
  4215 | D:4      | Found a snail-covered altar of Cheibriados.
  4479 | D:4      | Gained mutation: Spells you cast may paralyse adjacent
                  | enemies. [demonic ancestry]
  4479 | D:4      | Reached XP level 7. HP: 54/54 MP: 7/7
  4525 | D:4      | Found a hide-covered altar of Uskayaw.
  5061 | D:5      | Entered Level 5 of the Dungeon
  5093 | D:5      | Reached * piety under Hepliaklqana
  5354 | D:5      | Reached skill level 5 in Fighting
  5447 | D:5      | HP: 2/50 [centaur/arrow (5)]
  5459 | D:5      | Reached skill level 5 in Polearms
  5459 | D:5      | Reached skill level 5 in Dodging
  5459 | D:5      | Gained mutation: Your touch may inflict irresistible damage
                  | on your foes. [demonic ancestry]
  5459 | D:5      | Reached XP level 8. HP: 6/55 MP: 8/8
  5814 | D:5      | Identified the +6 short sword "Jellybane" {heavy, rPois rC+
                  | Str-3 Int+5}
  5921 | D:5      | Found a shadowy altar of Dithmenos.
  6390 | D:6      | Found a stormy altar of Qazlal.
  6912 | D:6      | Found an iron altar of Okawaru.
  7004 | D:6      | Reached skill level 5 in Armour
  7081 | D:6      | Found a staircase to the Ecumenical Temple.
  7089 | D:6      | Gained mutation: Spells you cast may paralyse nearby
                  | enemies. [demonic ancestry]
  7089 | D:6      | Reached XP level 9. HP: 62/62 MP: 9/9
  7623 | D:6      | Found a runed translucent door.
  7624 | D:6      | Noticed Crazy Yiuf
  7631 | D:6      | Killed Crazy Yiuf
  7910 | D:7      | Reached skill level 1 in Shields
  7971 | D:7      | Found a sparkling altar of Nemelex Xobeh.
  8015 | D:7      | Identified the +2 sling of Evil {antimagic, Drain Int+3
                  | Dex+3}
  8060 | D:7      | HP: 3/91 [wight/+2 spear of flaming (5)]
  8062 | D:7      | Slain by a wight

Illustrated notes

Levels and vault maps discovered:
D:1:      onia_arrival_mini_spirals, layout_basic,
          amcnicky_mini_corridor_feature
D:2:      layout_basic, nicolae_ecumenical_oubliette, kennysheep_generic_room_3
D:3:      layout_basic, nicolae_hepliaklqana_hazy_memory, hellmonk_no_cap,
          uniq_natasha
D:4:      cheibrodos_thug_alley, layout_basic, nicolae_overflow_crystal_walls,
          nicolae_overflow_hidden_temple, kennysheep_mini,
          mainiacjoe_overflow_catch_the_wave, hangedman_decor_riveting,
          item_on_display_a
D:5:      layout_basic, lemuel_coloured_pillars_altar, kennysheep_path_1
D:6:      layout_loops_cross, marbit_many_paths, overflow_temple_1_default,
          minmay_temple_entry_antechambers, serial_park_tiny_1,
          kennysheep_generic_room_7, uniq_crazy_yiuf_cottage
D:7:      layout_basic, mainiacjoe_overflow_concentric_impassable,
          nemelex_diamond_rough_becter

Skill      XL: |  1  2  3  4  5  6  7  8  9 |
---------------+----------------------------+-----
Polearms       | 3 4 5 6 |  6.4
Armour         | 1 2 3 4 5 |  5.7
Dodging        | 3 4 5 6 |  6.5
Fighting       | 3 4 5 6 |  6.8
Shields        | 1 |  1.5
Throwing       | |  1.7

Action                     |  1- 3 |  4- 6 |  7- 9 || total
---------------------------+-------+-------+-------++-------
  Melee: Trident           |   127 |   198 |   294 ||   619
         Kick              |    18 |    46 |    53 ||   117
         Punch             |       |     4 |     1 ||     5
         Touch             |       |    13 |    32 ||    45
  Throw: Throwing net      |       |       |     4 ||     4
         Javelin           |       |       |     1 ||     1
    Use: Scroll            |     2 |     6 |     2 ||    10
         Potion            |       |     6 |     3 ||     9
   Stab: Sleeping          |     3 |     1 |     5 ||     9
         Distracted        |     1 |       |     3 ||     4
         Held in net/web   |       |       |     2 ||     2
 Armour: Leather armour    |    33 |    44 |    82 ||   159
         Skin              |       |       |     8 ||     8
  Dodge: Dodged            |    65 |    94 |   138 ||   297

Table legend: (Time is in decaauts)
 A = Elapsed time spent in this place.
 B = Non-inter-level travel time spent in this place.
 C = Inter-level travel time spent in this place.
 D = Time resting spent in this place.
 E = Time spent auto-exploring this place.
 F = Levels seen in this place.
 G = Mean time per level.
                   A        B        C        D        E       F      G
               +--------+--------+--------+--------+--------+-----+--------+
         Total |   8086 |   7747 |    339 |   1720 |   4657 |   7 | 1155.1 |
       Dungeon |   8086 |   7747 |    339 |   1720 |   4657 |   7 | 1155.1 |
               +--------+--------+--------+--------+--------+-----+--------+

Top non-repeatable levels by time:
     D:3: 1935 daAuts
     D:5: 1669 daAuts
     D:4: 1381 daAuts
     D:6: 977 daAuts
     D:1: 941 daAuts
     D:2: 839 daAuts
     D:7: 340 daAuts
